 Dungeon Crawl Stone Soup version 0.20.1-1-g8b1a95d (webtiles) character file.

450 Irenicus the Insei (level 7, -3/46 HPs)
             Began as an Octopode Chaos Knight on Oct 9, 2017.
             Killed from afar by an orc wizard (8 damage)
             ... with a magic dart
             ... on level 4 of the Dungeon.
             The game lasted 00:06:36 (1998 turns).

Irenicus the Insei (Octopode Chaos Knight)          Turns: 1998, Time: 00:06:37

Health: -3/46      AC:  1    Str: 17    XL:     7   Next: 4%
Magic:  7/7        EV: 19    Int: 14    God:    Xom [..*...]
Gold:   156        SH:  0    Dex: 18    Spells: 6/6 levels left

rFire    . . .     SeeInvis .     - Unarmed
rCold    . . .     Gourm    .   (no shield)
rNeg     . . .     Faith    .   (helmet restricted)
rPois    .         Spirit   .   (no amulet)
rElec    .         Reflect  .   v - +5 ring of strength
rCorr    .         Harm     .   (no ring)
MR       .....                  (no ring)
Stlth    ++++......             (no ring)
Regen    0.2/turn               (no ring)
MPRegen  0.1/turn               (no ring)
                                (no ring)
                                (no ring)

@: agile, very slightly contaminated
A: almost no armour, stealthy swim, amphibious, 8 rings, constrict 8, camouflage
1, gelatinous body 1
a: Renounce Religion


You were on level 4 of the Dungeon.
You worshipped Xom.
You were a toy of Xom.
You were not hungry.

You visited 1 branch of the dungeon, and saw 4 of its levels.

You collected 156 gold pieces.

Inventory:

Jewellery
 v - a +5 ring of strength (left tentacle)
Wands
 q - a wand of polymorph (8/24)
 u - a wand of disintegration (0/24)
Scrolls
 c - 3 scrolls of identify {unknown}
 e - 2 scrolls of recharging {unknown}
 f - a scroll of fear {unknown}
 g - a scroll of noise {unknown}
 i - a scroll of teleportation {unknown}
 n - a scroll of immolation {unknown}
 o - 4 scrolls of remove curse {unknown}
 s - a scroll of enchant weapon {unknown}
 w - a scroll of random uselessness {unknown}
Potions
 h - a potion of invisibility
 k - a potion of agility
 l - a potion of magic
 m - a potion of might {unknown}
 r - 3 potions of curing {unknown}
Miscellaneous
 t - a phial of floods (inert)
Comestibles
 a - 2 bread rations
 d - 3 royal jellies
 j - 2 fruits
 p - a meat ration
 x - 3 chunks of flesh


   Skills:
 - Level 3.0 Fighting
 - Level 2.3 Dodging
 + Level 7.7 Unarmed Combat
 + Level 0.2 Evocations


You had 6 spell levels left.
You didn't know any spells.

Dungeon Overview and Level Annotations

Branches:
Dungeon (4/15)
 Temple: D:4-7

Altars:
Zin
The Shining One

Shops:
D:4 (

Annotations:
D:4 Irenicus's ghost, novice OpCK


Innate Abilities, Weirdness & Mutations

You cannot wear most types of armour.
You are very stealthy in the water. (Stealth+)
You are amphibious.
You can wear up to eight rings at the same time.
You can use your tentacles to constrict eight enemies at once.
Your skin changes colour to match your surroundings (Stealth+).
Your rubbery body absorbs attacks. (AC +1, EV +1)


Message History

You flicker for a moment.
An orc wizard comes into view. It is wielding a dagger.
Found a glowing golden altar of the Shining One.
You flicker back into view.
The orc wizard shouts!
The orc shouts!
You tentacle-slap the orc but do no damage.
You grab the orc. You tentacle-slap the orc. You squeeze the orc.
You kill the orc!
The orc wizard points at you and mumbles some strange words.
The magic dart hits you!
* * * LOW HITPOINT WARNING * * *
You emit a cloud of colourful smoke!
It was a potion of agility.
You feel agile all of a sudden.
Xom roars with laughter!
It was a potion of magic.
Magic courses through your body.
The orc wizard points at you and mumbles some strange words.
The magic dart hits you!
You die...
Xom roars with laughter!

# ####..# #.
#.##.....######### #.
....oo.o.......#.## #.
..o...............####.
#....o...###......###
###8..§8## #.#.....##
###§### ####.....#
#§§.# ##..... #@§§#
###... #§..# #.## #####
#### #########
###########
#.......###..#.......
#...............#..##
#.###...###........##
#.##....# #.....[.###
#.##.##.# ###.##### #


You could see 2 orc wizards.

Vanquished Creatures
  Sigmund (D:2)
  A scorpion (D:4)
  Ijyb (D:3)
  A worker ant (D:4)
  5 adders
  A river rat (D:3)
  2 worms (D:3)
  2 dart slugs
  4 leopard geckos
  5 orcs
  4 ball pythons
  5 bats
  2 giant cockroaches
  5 goblins
  2 hobgoblins (D:2)
  2 jackals (D:2)
  4 kobolds
  2 quokkas
  2 frilled lizards (D:2)
  8 rats
59 creatures vanquished.

Vanquished Creatures (collateral kills)
  An orc (D:4)
1 creature vanquished.

Vanquished Creatures (others)
  A hungry ghost (D:3)
1 creature vanquished.

Grand Total: 61 creatures vanquished

Notes
Turn   | Place    | Note
-------+----------+-------------------------------------------
     0 | D:1      | Irenicus the Octopode Chaos Knight began the quest for the Orb.
     0 | D:1      | Reached XP level 1. HP: 16/16 MP: 1/1
   155 | D:1      | Reached XP level 2. HP: 12/21 MP: 2/2
   256 | D:1      | XOM: harmless Hex miscast
   702 | D:1      | XOM is BORED!
   702 | D:1      | XOM: silly message
   753 | D:2      | Reached skill level 4 in Unarmed Combat
   821 | D:2      | Reached XP level 3. HP: 23/26 MP: 3/3
  1032 | D:2      | Reached XP level 4. HP: 23/31 MP: 4/4
  1088 | D:2      | Noticed Sigmund
  1158 | D:2      | Killed Sigmund
  1158 | D:2      | Reached skill level 6 in Unarmed Combat
  1158 | D:2      | Reached XP level 5. HP: 28/36 MP: 5/5
  1158 | D:2      | Reached XP level 6. HP: 33/42 MP: 6/6
  1319 | D:3      | XOM: 1-stop teleportation journey
  1320 | D:3      | Found a glowing silver altar of Zin.
  1321 | D:3      | Found a glowing golden altar of the Shining One.
  1376 | D:3      | Noticed a hungry ghost
  1383 | D:3      | XOM: enchant monster (good)
  1395 | D:3      | Killed a hungry ghost
  1395 | D:3      | Reached skill level 7 in Unarmed Combat
  1395 | D:3      | XOM: divine lightning
  1397 | D:3      | Noticed Ijyb
  1406 | D:3      | Killed Ijyb
  1406 | D:3      | XOM: polymorph adder -> river rat
  1502 | D:3      | XOM: god gift: phial of floods
  1741 | D:4      | XOM is BORED!
  1741 | D:4      | XOM: medium Conj miscast
  1776 | D:4      | Noticed Irenicus's ghost (novice OpCK)
  1784 | D:4      | Found Cykhlemme's Antique Weapon Emporium.
  1849 | D:4      | Reached XP level 7. HP: 14/46 MP: 7/7
  1991 | D:4      | Found a glowing golden altar of the Shining One.
  1995 | D:4      | XOM: smoke on damage
  1998 | D:4      | Killed from afar by an orc wizard

Skill      XL: |  1  2  3  4  5  6 |
---------------+-------------------+-----
Unarmed Combat | 4 6 7 |  7.7
Fighting       | |  3.0
Dodging        | |  2.3
Evocations     | |  0.2

Action                   |  1- 3 |  4- 6 |  7- 9 || total
-------------------------+-------+-------+-------++-------
Melee: Unarmed           |    81 |    71 |     7 ||   159
       Constrict         |    22 |    15 |     1 ||    38
       Tentacles         |    11 |    10 |     1 ||    22
       Punch             |       |     4 |     1 ||     5
Evoke: Phial of floods   |       |     1 |       ||     1
       Wand              |       |       |     2 ||     2
  Use: Potion            |       |       |     4 ||     4
 Stab: Sleeping          |     3 |     4 |       ||     7
  Eat: Chunk             |       |     4 |       ||     4
       Fruit             |       |     1 |       ||     1
Armor: Skin              |     9 |     4 |       ||    13
Dodge: Dodged            |    53 |    34 |     2 ||    89
